 Dungeon Crawl Stone Soup version 0.28.0-53-g5a82cb258f (webtiles) character file.

Game seed: 12186585167161589795

219 raph the Spear-Bearer (level 5, 0/32 (38) HPs)
             Began as a Merfolk Gladiator on June 8, 2022.
             Was a Follower of Qazlal.
             Slain by Edmund
             ... wielding a +5 flail of draining
              (7 damage)
             ... on level 4 of the Dungeon.
             The game lasted 00:04:09 (3429 turns).

raph the Spear-Bearer (Merfolk Gladiator)           Turns: 3429, Time: 00:04:09

HP:   0/32 (38)     AC: 11    Str: 14    XL:     5   Next: 96%
MP:   5/5           EV:  7    Int:  7    God:    Qazlal [*.....]
Gold: 107           SH:  1    Dex: 18    Spells: 4/4 levels left

rFire   + + +      SeeInvis +   a - +0 trident
rCold   . . .      Faith    .   (no shield)
rNeg    . . .      Spirit   .   n - +0 shadow dragon scales
rPois   .          Reflect  .   g - +0 helmet "Qovuy" {*Corrode +Inv rF+++ SInv}
rElec   .          Harm     .   (no cloak)
rCorr   .          Rampage  .   (no gloves)
Will    .....                   (no boots)
Stlth   ++........              (no amulet)
HPRegen 0.10/turn               (no ring)
MPRegen 0.09/turn               (no ring)

@: heavily drained
A: (nimble swimmer 2), mertail
a: Renounce Religion, Evoke Invisibility


You were on level 4 of the Dungeon.
You worshipped Qazlal.
Qazlal was aware of your devotion.
You visited 1 branch of the dungeon, and saw 4 of its levels.

You collected 107 gold pieces.

Inventory:

Hand Weapons
 a - a +0 trident (weapon)
Missiles
 d - 3 throwing nets
 l - 2 poisoned darts (quivered)
Armour
 b - a +0 leather armour
 c - a +0 helmet
 e - a +0 ring mail
 g - the +0 helmet "Qovuy" (worn) {*Corrode +Inv rF+++ SInv}
   (You found it on level 2 of the Dungeon)

   rF:        It renders you almost immune to fire.
   SInv:      It lets you see invisible.
   +Inv:      It lets you turn invisible.
   *Corrode:  It may corrode you when you take damage.
 n - +0 shadow dragon scales (worn)
Scrolls
 o - a scroll of holy word
Potions
 i - 3 potions of curing
 k - a potion of magic {unknown}
 m - a potion of mutation {unknown}


   Skills:
 + Level 2.1 Fighting
 + Level 9.3 Polearms
 - Level 2.0 Throwing
 + Level 0.0 Armour
 + Level 4.0 Dodging


You had 4 spell levels left.
You didn't know any spells.
Your spell library was empty.

Dungeon Overview and Level Annotations

Branches:
Dungeon (4/15)
 Temple: D:4-7

Altars:
Qazlal
Beogh

Annotations:
D:4 Edmund


Innate Abilities, Weirdness & Mutations

((You are very nimble when in or above water. (Stealth+, EV+, Speed+++)))
Your lower body shifts to a powerful aquatic tail in water.


Message History

Edmund is lightly wounded.
You hit Edmund but do no damage.
Edmund is lightly wounded.
Edmund barely misses you.
You barely miss Edmund.
Edmund is lightly wounded.
Edmund hits you with a +5 flail of draining!
You feel drained.
You puncture Edmund!
Edmund is moderately wounded.
Edmund hits you but does no damage.
You feel drained.
You barely miss Edmund.
Edmund is moderately wounded.
Edmund hits you with a +5 flail of draining!
You feel drained.
You hit Edmund.
Edmund is heavily wounded.
Edmund hits you with a +5 flail of draining!
You feel drained.
* * * LOW HITPOINT WARNING * * *
You are too injured to fight recklessly!
You are too injured to fight recklessly!
You are too injured to fight recklessly!
You are too injured to fight recklessly!
Okay, then.
You hit Edmund.
Edmund is heavily wounded.
You hit Edmund.
Edmund is heavily wounded.
Edmund hits you but does no damage.
You feel drained.
You puncture Edmund!
Edmund is severely wounded.
Edmund hits you with a +5 flail of draining.
* * * LOW HITPOINT WARNING * * *
You feel drained.
* * * LOW HITPOINT WARNING * * *
You hit Edmund but do no damage.
Edmund is severely wounded.
Edmund hits you with a +5 flail of draining!
You die... ############# .......@@...# .#########.##

You could see Edmund.

Vanquished Creatures
  A phantom (D:3)
  An orc priest (D:3)
  4 adders
  A worm (D:2)
  7 orcs (D:3)
  7 ball pythons
  6 bats
  6 endoplasms
  3 giant cockroaches
  4 goblins
  7 hobgoblins
  2 quokkas
  5 frilled lizards
  8 kobolds
  4 rats
66 creatures vanquished.

Notes
Turn   | Place    | Note
-------+----------+-------------------------------------------
     0 | D:1      | raph the Merfolk Gladiator began the quest for the Orb.
     0 | D:1      | Reached XP level 1. HP: 16/16 MP: 1/1
    77 | D:1      | Reached skill level 5 in Polearms
   137 | D:1      | Reached XP level 2. HP: 22/22 MP: 2/2
   453 | D:1      | Reached skill level 6 in Polearms
   453 | D:1      | Reached XP level 3. HP: 27/27 MP: 3/3
  1201 | D:2      | Identified the +0 helmet "Qovuy" {*Corrode +Inv rF+++ SInv}
  1423 | D:2      | Reached skill level 7 in Polearms
  1423 | D:2      | Reached XP level 4. HP: 10/33 MP: 4/4
  2537 | D:3      | Found a faded altar of an unknown god.
  2562 | D:3      | Prayed at the altar of an unknown god.
  2562 | D:3      | Became a worshipper of Qazlal Stormbringer
  2562 | D:3      | Reached * piety under Qazlal
  2612 | D:3      | Identified the +11 whip of Wu Jian's Whim {flame, Str+3}
  2813 | D:3      | Noticed a phantom
  2830 | D:3      | HP: 2/49 [orc/+0 mace (1)]
  2834 | D:3      | Reached skill level 8 in Polearms
  2834 | D:3      | Reached XP level 5. HP: 3/38 MP: 5/5
  3155 | D:3      | Killed a phantom
  3156 | D:3      | Reached skill level 9 in Polearms
  3419 | D:4      | Noticed Edmund
  3429 | D:4      | Slain by Edmund

Illustrated notes

Levels and vault maps discovered:
D:1:      dpeg_arrival_arbitrary_b, layout_basic
D:2:      layout_basic, kennysheep_generic_room_7
D:3:      layout_rooms, hellmonk_ecumenical_altar_defaced_shrine
D:4:      layout_basic, minitemple, minmay_temple_entry_antechambers,
          serial_shops, nicolae_shop_behind_doors, uniq_edmund

Skill      XL: |  1  2  3  4  5 |
---------------+----------------+-----
Polearms       | 5 6 7 8 9 |  9.3
Fighting       | |  2.1
Throwing       | |  2.0
Dodging        | |  4.0

Action                   |  1- 3 |  4- 6 || total
-------------------------+-------+-------++-------
Melee: Trident           |    96 |   121 ||   217
       Punch             |       |     1 ||     1
Throw: Dart              |       |     2 ||     2
  Use: Scroll            |     3 |     4 ||     7
       Potion            |       |     1 ||     1
 Stab: Sleeping          |     1 |       ||     1
Armor: Ring mail         |    28 |    20 ||    48
       Shadow dragon sca |       |    14 ||    14
Dodge: Dodged            |    34 |    34 ||    68
Block: Other             |       |     1 ||     1
